 Dungeon Crawl Stone Soup version 0.17.1-3-g152610e (webtiles) character file.

149 Alarkh the Chopper (level 5, -1/38 HPs)
             Began as a Mummy Skald on Apr 17, 2016.
             Slain by an ogre
             ... wielding a +0 giant club
              (15 damage)
             ... on level 4 of the Dungeon.
             The game lasted 00:03:39 (2381 turns).

Alarkh the Chopper (Mummy Skald)                    Turns: 2381, Time: 00:03:39

Health: -1/38      AC:  5    Str: 15    XL:     5   Next: 9%
Magic:  8/8        EV: 11    Int: 12    God:
Gold:   127        SH:  0    Dex: 12    Spells: 1 memorised, 7 levels left

rFire  . . .     SeeInvis .     a - +2 dagger (venom)
rCold  + . .     Clarity  .     m - +0 leather armour
rNeg   + + +     SustAt   .     (no shield)
rPois  ∞         Gourm    .     g - +0 helmet
rElec  .         Spirit   .     (no cloak)
rCorr  +         Warding  .     (no gloves)
rMut   .         Stasis   .     n - +0 pair of boots
MR     .....                    p - amulet of resist corrosion
Stlth  +.........               (no ring)
                                o - ring of protection from fire

@: not resistant to hostile enchantments, very unstealthy
A: no food or potions, fire vulnerability, cold resistance 1, negative energy
resistance 3, torment resistance, unbreathing
a: no special abilities


You were on level 4 of the Dungeon.
You were not hungry.

You visited 1 branch of the dungeon, and saw 4 of its levels.

You collected 127 gold pieces.

Inventory:

Hand Weapons
 a - a +2 dagger of venom (weapon)
 b - a +0 hand axe
Armour
 g - a +0 helmet (worn)
 m - a +0 leather armour (worn)
 n - a +0 pair of boots (worn)
Jewellery
 o - a ring of protection from fire (left hand)
 p - an amulet of resist corrosion (around neck)
 q - an uncursed amulet of guardian spirit
Wands
 r - a wand of magic darts (21)
Scrolls
 d - a scroll of magic mapping
 e - 4 scrolls of teleportation
 f - a scroll of immolation {unknown}
 h - a scroll of remove curse {unknown}
 i - 2 scrolls of enchant weapon {unknown}
 j - 2 scrolls of identify {unknown}
 k - 2 scrolls of blinking
 l - 2 scrolls of random uselessness {unknown}
 s - a scroll of fog {unknown}
Books
 c - a book of Battle

   Spells                             Type                      Level
   a - Infusion                       Charms                       1
   b - Shroud of Golubria             Charms/Translocation         2
   c - Song of Slaying                Charms                       2
   d - Spectral Weapon                Hexes/Charms                 3
   e - Regeneration                   Charms/Necromancy            3


   Skills:
 - Level 2.0 Fighting
 + Level 4.4 Axes
 - Level 0.7 Armour
 - Level 0.7 Dodging
 - Level 2.0 Spellcasting
 - Level 2.4 Charms


You had 7 spell levels left.
You knew the following spells:

 Your Spells              Type           Power        Failure   Level  Hunger
a - Infusion              Chrm           #.....       14%         1    N/A

Dungeon Overview and Level Annotations

Branches:
Dungeon (4/15)
 Temple: D:4-7

Altars:
Ashenzari
Zin


Innate Abilities, Weirdness & Mutations

You do not eat or drink.
Your flesh is vulnerable to fire.
You are immune to poison.
Your flesh is cold resistant.
You are immune to negative energy.
You are immune to unholy pain and torment.
You can survive without breathing.


Message History

The ogre is lightly wounded.
The ogre closely misses you.
You hit the ogre.
The ogre looks even sicker.
The ogre is lightly wounded.
The ogre hits you with a giant club!!
Ouch! That really hurt!
* * * LOW HITPOINT WARNING * * *
You are too injured to fight recklessly!
Your magical infusion is running out.
There is an open door here.
You are no longer magically infusing your attacks.
Found a stone staircase leading down.
The ogre looks more healthy.
Found a viscous white potion.
Found a stone staircase leading down.
Found a hunting sling.
You hit the ogre.
The ogre is poisoned.
The ogre is severely wounded.
The ogre hits you with a giant club!
You die...

###.####
#......#
###....#.#
..........######
###.....#......#
#.......###...#
##.#.##.# .#
#.#.##.#
#...@O.#
##...### #.>...
#.......
#.!.......
+.........+
#.........#
##>.....)##


You could see an ogre.

Vanquished Creatures
  2 adders
  4 gnolls (D:3)
  5 worms
  2 giant geckos
  An orc (D:3)
  15 bats
  6 goblins
  6 hobgoblins
  6 jackals (D:3)
  9 kobolds
  2 quokkas (D:3)
  5 giant cockroaches
  4 giant newts
  10 rats
  3 toadstools (D:1)
80 creatures vanquished.

Vanquished Creatures (others)
  A toadstool (D:1)
1 creature vanquished.

Grand Total: 81 creatures vanquished

Notes
Turn   | Place    | Note
--------------------------------------------------------------
     0 | D:1      | Alarkh the Mummy Skald began the quest for the Orb.
     0 | D:1      | Reached XP level 1. HP: 16/16 MP: 3/3
   316 | D:1      | Reached XP level 2. HP: 17/22 MP: 1/5
   755 | D:2      | Reached XP level 3. HP: 20/27 MP: 0/6
   794 | D:2      | Reached skill level 3 in Axes
   839 | D:2      | Found a shattered altar of Ashenzari.
  1006 | D:2      | Found a glowing silver altar of Zin.
  1308 | D:2      | Reached XP level 4. HP: 26/33 MP: 0/7
  1940 | D:3      | Reached skill level 4 in Axes
  2014 | D:3      | Reached XP level 5. HP: 24/38 MP: 8/8
  2346 | D:4      | Noticed an ogre
  2381 | D:4      | Slain by an ogre

Action                   |  1- 3 |  4- 6 || total
-------------------------+-------+-------++-------
Melee: Hand axe          |    96 |       ||    96
       Dagger            |    44 |    99 ||   143
 Cast: Infusion          |    15 |     2 ||    17
  Use: Scroll            |     3 |       ||     3
